 Dungeon Crawl Stone Soup version 0.29.1-13-g9f3cf754e1 (webtiles) character file.

Game seed: 4184078016381140214

86 zlionsfan the Grasshopper (level 5, -3/44 HPs)
             Began as a Meteoran Warper on Feb 5, 2023.
             Slain by an iguana (13 damage)
             ... on level 4 of the Dungeon.
             The game lasted 00:05:12 (966 turns).

zlionsfan the Grasshopper (Meteoran Warper)          Turns: 966, Time: 00:05:13

Health: -3/44      AC:  3    Str: 14    XL:     5   Next: 6%
Magic:  11/11      EV: 12    Int: 19    God:
Gold:   76         SH:  0    Dex: 13    Spells: 8/10 levels left

rFire   . . .      SeeInvis .   d - +1 mace "Bosk" {freeze, Will+ Int+4}
rCold   . . .      Faith    .   (no shield)
rNeg    . . .      Spirit   .   b - +0 leather armour
rPois   .          Reflect  .   (no helmet)
rElec   .          Harm     .   (no cloak)
rCorr   .          Rampage  .   (no gloves)
Will    +....                   (no boots)
Stlth   +.........              (no amulet)
HPRegen 0.14/turn               (no ring)
MPRegen 0.12/turn               (no ring)

@: glowing
A: sense surroundings 1, otherworldly, glowing, explore regen
a: no special abilities


You were on level 4 of the Dungeon.
You visited 1 branch of the dungeon, and saw 4 of its levels.

You collected 76 gold pieces.

Inventory:

Hand Weapons
 d - the +1 mace "Bosk" (weapon) {freeze, Will+ Int+4}
   (You found it on level 2 of the Dungeon)

   It freezes those it strikes, dealing additional cold damage.
   It can also slow down cold-blooded creatures.
   Int:       It affects your intelligence (+4).
   Will:      It increases your willpower.
Armour
 b - a +0 leather armour (worn)
Potions
 a - a potion of berserk rage {unknown}
 e - a potion of magic {unknown}


   Skills:
 * Level 2.9 Fighting
 * Level 3.5 Maces & Flails
 + Level 1.7 Throwing
 + Level 1.8 Armour
 + Level 2.7 Dodging
 * Level 3.4 Spellcasting
 * Level 4.2 Translocations


You had 8 spell levels left.
You knew the following spells:

 Your Spells              Type           Power      Damage    Failure   Level
a - Blink                 Tloc           38%        N/A       4%          2

Your spell library contained the following spells:

 Spells                   Type           Power      Damage    Failure   Level
 Gell's Gravitas          Tloc           19%        N/A       10%         3
 Lesser Beckoning         Tloc           19%        N/A       10%         3
 Teleport Other           Tloc           19%        N/A       10%         3
 Portal Projectile        Hex/Tloc       22%        N/A       22%         3
 Tukima's Dance           Hex            3%         N/A       47%         3
 Manifold Assault         Tloc           19%        N/A       65%         5
 Blade Hands              Tmut           1%         N/A       99%         5


Dungeon Overview and Level Annotations

Branches:
Dungeon (4/15) Zot: 1408
 Temple: D:4-7

Altars:
Yredelemnul

Annotations:
D:3 Sigmund


Innate Abilities, Weirdness & Mutations

You passively map a small area around you.
You are easily found by Zot.
You glow in the dark.
You regain HP and MP as you explore.


Message History

Sigmund gestures at you while chanting. The magic dart hits you.
There is a stone staircase leading down here.
Sigmund screams, "Only death can liberate you!"
Sigmund casts a spell.
Sigmund flickers and vanishes!
Deactivating autopickup; reactivate with Ctrl-A.
You climb downwards.
Reactivating autopickup.
Found a trident and a scroll labelled GUYKHUR CARITH.
There is a stone staircase leading up here.
An iguana comes into view.
Found a scroll labelled VELAONK ZUCVEI.
The iguana hisses angrily.
You hit the iguana. You freeze the iguana.
The iguana is moderately wounded.
The iguana bites you.
You barely miss the iguana.
The iguana is moderately wounded.
The iguana bites you!
You hit the iguana. You freeze the iguana.
The iguana is heavily wounded.
The iguana closely misses you.
You hit the iguana but do no damage.
The iguana is heavily wounded.
The iguana closely misses you.
You closely miss the iguana.
The iguana is heavily wounded.
The iguana barely misses you. x2
You closely miss the iguana.
The iguana is moderately wounded.
The iguana bites you!
You hit the iguana.
The iguana seems to slow down.
You freeze the iguana.
The iguana is heavily wounded.
The iguana bites you!
* * * LOW HITPOINT WARNING * * *
You hit the iguana.
The iguana seems to slow down.
You freeze the iguana.
The iguana is almost dead.
The iguana bites you!
You die...

* * .# * , *
, .# *, , #
.# * #. .# ,
###.##.#
#....<.# * *
#..###..# ,
#..# * *
*#@.# ,
......l....#
, *
.#.....).###*
* *
.......?.. *
..........# *
, ...?.####.#
* ..... .# ,
** *....., ..
* * * ,


You could see an iguana (slow).

Vanquished Creatures
  Jessica (D:3)
  3 adders
  A worm (D:2)
  4 dart slugs
  A ball python (D:1)
  A giant cockroach (D:2)
  4 goblins
  3 hobgoblins
  2 quokkas (D:2)
  A bat (D:1)
  A kobold (D:1)
  2 rats (D:1)
24 creatures vanquished.

Notes
Turn   | Place    | Note
-------+----------+-------------------------------------------
     0 | D:1      | zlionsfan the Meteoran Warper began the quest for the Orb.
     0 | D:1      | Reached XP level 1. HP: 17/17 MP: 5/5
   337 | D:1      | Reached XP level 2. HP: 24/24 MP: 6/6
   419 | D:1      | Reached skill level 4 in Translocations
   422 | D:1      | Reached XP level 3. HP: 23/30 MP: 8/8
   503 | D:2      | Learned a level 2 spell: Blink
   633 | D:2      | Identified the +1 mace "Bosk" {freeze, Will+ Int+4}
   644 | D:2      | Found a basalt altar of Yredelemnul.
   665 | D:2      | Reached XP level 4. HP: 37/37 MP: 10/10
   783 | D:3      | Noticed Jessica
   806 | D:3      | Killed Jessica
   844 | D:3      | Reached XP level 5. HP: 27/44 MP: 11/11
   944 | D:3      | Noticed Sigmund
   966 | D:4      | Slain by an iguana

Illustrated notes

Levels and vault maps discovered:
D:1:      onia_arrival_pentagram, layout_basic
D:2:      layout_basic, serial_shops, shop, basic_altar, minmay_3d_cube
D:3:      layout_basic, gammafunk_temple_overflow_statue, minmay_liquid_box,
          uniq_sigmund, uniq_jessica
D:4:      layout_loops_ring, mainiacjoe_overflow_24_doors,
          minmay_temple_entry_enclosed_plants, gammafunk_ghost_icy,
          minivault_25, uniq_menkaure, uniq_edmund

Skill      XL: |  1  2  3 |
---------------+----------+-----
Spellcasting   | 3 |  3.4
Translocations | 4 |  4.2
Maces & Flails | 3 |  3.5
Fighting       | |  2.9
Throwing       | |  1.7
Armour         | |  1.8
Dodging        | |  2.7

Action                   |  1- 3 |  4- 6 || total
-------------------------+-------+-------++-------
Melee: Mace              |    63 |    32 ||    95
       Punch             |     1 |       ||     1
Throw: Boomerang         |     7 |       ||     7
 Cast: Blink             |     1 |     1 ||     2
  Use: Scroll            |       |     2 ||     2
       Potion            |       |     1 ||     1
Armor: Leather armour    |     9 |    11 ||    20
Dodge: Dodged            |    22 |    26 ||    48
